 Dungeon Crawl Stone Soup version 0.23.1-37-gaa34b87 (webtiles) character file.

Game seed: 14869277401247619055

416 Fang the Skirmisher (level 6, -3/40 HPs)
             Began as a Gargoyle Berserker on Mar 25, 2019.
             Was a Believer of Trog.
             Slain by an iron imp (5 damage)
             ... summoned by Eustachio
             ... on level 6 of the Dungeon.
             The game lasted 00:01:47 (1882 turns).

Fang the Skirmisher (Gargoyle Berserker)            Turns: 1882, Time: 00:01:48

Health: -3/40      AC: 13    Str: 22    XL:     6   Next: 92%
Magic:  6/6        EV:  9    Int:  8    God:    Trog [**....]
Gold:   184        SH:  0    Dex: 12    Spells: 5/5 levels left

rFire    . . .     SeeInvis .   a - +0 hand axe
rCold    . . .     Gourm    .   (no shield)
rNeg     + . .     Faith    .   p - +0 chain mail
rPois    ∞         Spirit   .   (no helmet)
rElec    +         Reflect  .   (no cloak)
rCorr    .         Harm     .   (no gloves)
MR       ++...                  (no boots)
Stlth    ..........             (no amulet)
HPRegen  1.13/turn              h - +3 ring of dexterity
MPRegen  0.10/turn              o - ring of stealth

@: berserk cooldown, regenerating, slowed, very slow
A: negative energy resistance 1, electricity resistance, unbreathing,
petrification resistance, rot immunity, AC +4
a: Berserk, Trog's Hand, Renounce Religion


You were on level 6 of the Dungeon.
You worshipped Trog.
Trog was pleased with you.
You were very hungry.

You visited 1 branch of the dungeon, and saw 4 of its levels.

You collected 184 gold pieces.

Inventory:

Hand Weapons
 a - a +0 hand axe (weapon)
Armour
 p - a +0 chain mail (worn)
Jewellery
 h - a +3 ring of dexterity (left hand)
 o - a ring of stealth (right hand)
Scrolls
 e - a scroll of enchant armour {unknown}
 f - 2 scrolls of remove curse {unknown}
 g - a scroll of teleportation {unknown}
 l - a scroll of blinking {unknown}
 m - 2 scrolls of identify {unknown}
 n - a scroll of amnesia {unknown}
Potions
 b - a potion of berserk rage {unknown}
 d - a potion of ambrosia {unknown}
 i - a potion of degeneration {unknown}
 j - a potion of curing {unknown}
Comestibles
 c - 7 rations
 k - 3 chunks of flesh


   Skills:
 + Level 5.0 Fighting
 + Level 4.1 Axes
 + Level 4.3 Armour
 + Level 3.2 Dodging


You had 5 spell levels left.
You didn't know any spells.
Your spell library was empty.

Dungeon Overview and Level Annotations

Branches:
Dungeon (3/15)

Altars:
Kikubaaqudgha

Annotations:
D:6 Eustachio


Innate Abilities, Weirdness & Mutations

You are resistant to torment.
Your stone body is resilient. (AC +4)
You are immune to poison.
You resist negative energy. (rN+)
You are resistant to electric shocks. (rElec)
You can survive without breathing.
You are immune to petrification.
You are immune to rotting.


Message History

The bat closely misses you. The bat hits you but does no damage.
The bat barely misses you. x2; The iron imp closely misses you.
Eustachio hits you with a +3 falchion of slicing.
* * * LOW HITPOINT WARNING * * *
x2 You hit Eustachio.
Eustachio is severely wounded.
You hit the iron imp. The bat hits you but does no damage. x2
The iron imp hits you.
* * * LOW HITPOINT WARNING * * *
Eustachio hits you but does no damage. The iron imp hits you.
* * * LOW HITPOINT WARNING * * *
You barely miss Eustachio.
Eustachio is severely wounded.
You closely miss the bat. You hit the iron imp but do no damage.
The bat hits you but does no damage. The bat hits you.
* * * LOW HITPOINT WARNING * * *
The bat hits you but does no damage.
Eustachio casts a spell.
Eustachio blinks!
The iron imp hits you.
You die...

##..⌠. ........
#....#.. ##..(..#
. ##......#.. .
####.......... ..
#.#..........#
[..#...))§5......#
....?....@b......
........))..@....
%............)...
..#?.b...........
#............##..
##........##..# .
...#......÷...#
...######.#...# ..
###.###........


You could see Eustachio, an iron imp and 2 bats.

Vanquished Creatures
  An ogre (D:6)
  Blork the orc (D:6)
  2 bullfrogs (D:6)
  A howler monkey (D:6)
  An orc wizard (D:6)
  2 adders
  A worm (D:2)
  A dart slug (D:2)
  3 leopard geckos
  4 orcs (D:6)
  2 ball pythons
  3 bats
  2 giant cockroaches (D:2)
  5 goblins
  5 hobgoblins
  5 jackals (D:1)
  4 kobolds
  4 frilled lizards (D:1)
  8 rats
55 creatures vanquished.

Notes
Turn   | Place    | Note
-------+----------+-------------------------------------------
     0 | D:1      | Fang the Gargoyle Berserker began the quest for the Orb.
     0 | D:1      | Reached XP level 1. HP: 14/14 MP: 1/1
    46 | D:1      | Reached XP level 2. HP: 13/19 MP: 2/2
   299 | D:1      | Reached XP level 3. HP: 10/23 MP: 3/3
   749 | D:1      | Reached ** piety under Trog
  1187 | D:2      | Found an ancient bone altar of Kikubaaqudgha.
  1189 | D:2      | Reached XP level 4. HP: 27/29 MP: 4/4
  1715 | D:3      | You fall through a shaft for 3 floors!
  1717 | D:6      | Noticed a bullfrog
  1722 | D:6      | Killed a bullfrog
  1722 | D:6      | Reached skill level 4 in Fighting
  1722 | D:6      | Reached XP level 5. HP: 33/33 MP: 5/5
  1848 | D:6      | Noticed an ogre
  1853 | D:6      | Noticed Eustachio
  1855 | D:6      | Noticed Blork the orc
  1863 | D:6      | Killed an ogre
  1863 | D:6      | Reached XP level 6. HP: 16/39 MP: 6/6
  1867 | D:6      | Killed Blork the orc
  1875 | D:6      | Reached skill level 5 in Fighting
  1881 | D:6      | HP: 2/40 [iron imp[Eustachio] (6)]
  1882 | D:6      | Slain by an iron imp

Skill      XL: |  1  2  3  4  5  6 |
---------------+-------------------+-----
Axes           | 3 4 |  4.1
Dodging        | 2 3 |  3.2
Armour         | 3 4 |  4.3
Fighting       | 4 5 |  5.0

Action                   |  1- 3 |  4- 6 || total
-------------------------+-------+-------++-------
Melee: Hand axe          |   102 |    43 ||   145
Invok: Berserk           |     1 |     2 ||     3
       Trog's Hand       |       |     1 ||     1
 Stab: Sleeping          |     1 |     1 ||     2
  Eat: Chunk             |     2 |     3 ||     5
Armor: Animal skin       |    49 |     2 ||    51
       Chain mail        |       |    52 ||    52
Dodge: Dodged            |    96 |    47 ||   143
